 BcadrenCrawl: Boulder Brew version 0.03.3.1-19-g2523139174 (webtiles) character file.

Game seed: 16704704927279180202, levelgen mode: deterministic

648 Chiseanne the Ducker (level 7, -3/46 HPs) Goblin Demonspawn. Began on Mar 15, 2021. Succumbed to a guardian mummy's poison ... on level 3 of the Dungeon. The game lasted 00:08:26 (1807 turns).

Chiseanne the Ducker (Goblin Demonspawn)            Turns: 1807, Time: 00:08:26

Health: -3/46      AC: 10    Str:  8    XL:     7 ^: 83
Magic:  0/11       EV: 14    Int:  6    God:
Gold:   253        SH:  6    Dex:  6    Spells: 13/14 levels left

rFire    . . .     Vision   .   a - +0 rapier (molten)
rCold    . . .     Gourm    .   c - +0 sai
rNeg     . . .     Faith    .   p - +2 ring mail {MR+}
rPois    .         Spirit   +   (helmet restricted)
rElec    .         Reflect  +   (no cloak)
rCorr    .         Harm     .   f - +0 pair of gloves
MR       +....                  (no boots)
Stlth    +.........             i - amulet of reflection
HPRegen  0.25/turn              (no ring)
MPRegen  0.21/turn              (no ring)

@: lethally poisoned (-3 -> -61), marked
A: small, stagnant stats, goblin's greed, horns 2, iridescent scales 1, low mp
1, mutation resistance 1, magic shield, god's pity 2
a: no special abilities


You were on level 3 of the Dungeon.
You were hungry.

You visited 1 branch of the dungeon, and saw 3 of its levels.

You collected 210 gold pieces.

Inventory:

Weapons
 a - a +0 rapier of molten steel (weapon) Shields
 c - a +0 sai (weapon)
Armour
 f - a +0 pair of gloves (worn)
 p - a +2 ring mail of magic resistance (worn)
Jewellery
 i - an amulet of reflection (around neck)
 m - a cursed ring of resist corrosion {(Curse: rC-)}
Wands
 k - a wand of ensnaring (2)
Scrolls
 e - 2 scrolls of fear
 g - a scroll of magic mapping
 h - a scroll of immolation
 o - a scroll of teleportation
Potions
 b - a potion of brilliance
 j - a potion of resistance
Comestibles
 d - 5 rations
 l - 3 chunks of flesh


   Skills:
 - Level 3.1 Fighting
 * Level 6.0 Short Blades
 * Level 2.4 Armour
 - Level 6.2 Dodging
 - Level 2.6 Stealth
 * Level 4.3 Spellcasting
 - Level 2.6 Fire Magic
   Level 4.0 Invocations


You had 13 spell levels left.
You knew the following spells:

 Your Spells              Type           Power        Failure   Level  Hunger
a - Flame Tongue          Fire           4 (30)       19%         1    ##.....

Your spell library contained the following spells:

 Spells                   Type           Power        Failure   Level  Hunger
 Magic Candle             Hex/Fire       2 (90)       32%         1    ##.....
 Conjure Flame            Fire           4 (100)      47%         3    ####...
 Blink                    Tloc           N/A          63%         2    ###....
 Call Imp                 Summ           1 (100)      63%         2    ###....
 Ensorcelled Hibernation  Hex/Ice        1 (50)       63%         2    ###....
 Slow                     Hex            1 (100)      63%         2    ###....
 Blinding Spray           Hex/Pois       1 (50)       86%         3    ####...
 Confuse                  Hex            1 (100)      86%         3    ####...
 Mephitic Cloud           Pois/Air       1 (100)      86%         3    ####...
 Tukima's Dance           Hex            1 (100)      86%         3    ####...
 Fulminant Prism          Hex            1 (200)      99%         4    #####..


Dungeon Overview and Level Annotations

Branches:
Dungeon (3/8)

Altars:
Uskayaw
Xom
The Shining One


Innate Abilities, Weirdness & Mutations

Your stats never grow through leveling.
Your goblin ancestry allows you to find more gold. (+20%)
You are small and have problems with some larger weapons.
You have a pair of horns on your head.
You are partially covered in iridescent scales. (AC +2)
Your magical capacity is low. (-10% MP)
You are somewhat resistant to further mutation.
When hurt, damage is shared between your health and your magic reserves.
The pity of the gods increases the power of your passive and invoked divine abilities.


Message History

You hit the guardian mummy but do no damage.
You hit the guardian mummy (1).
The guardian mummy hits you with a +2 long sword of venom (17)!
A worker ant zombie comes into view.
Okay, then.
You barely miss the guardian mummy. You closely miss the guardian mummy.
The guardian mummy hits you with a +2 long sword of venom (31)!!
Ouch! That really hurt!
* * * LOW HITPOINT WARNING * * *
You are lethally poisoned!
A worker ant zombie comes into view.
You feel much better.
You feel very sick. (3)
The guardian mummy hits you with a +2 long sword of venom (26)!!
Ouch! That really hurt!
* * * LOW HITPOINT WARNING * * *
You are more poisoned.
* * * LOW HITPOINT WARNING * * *
You feel very sick. (5)
You die...

#..### ### ....#
##...### ....#
###...### ###ZZ.###
###Z.M############
###ZM.##...#...#
###..........#
##.........#########
#.@......b.........
#...........#######
##...............##
##...#...#........
#########..###..#
#...# ##.# #.>## #..
#..# ###. #..# #...


You could see 2 guardian mummies, an adder zombie and a worker ant zombie.

Vanquished Creatures
  Edmund (D:3)
  A scorpion (D:3)
  A crocodile (D:2)
  A big kobold (D:2)
  A hound (D:3)
  An orc wizard (D:3)
  A water moccasin zombie (D:3)
  3 giant cockroaches (D:1)
  A porcupine zombie (D:3)
  A bullfrog zombie (D:3)
  A bullfrog skeleton (D:3)
  An adder (D:2)
  A gnoll (D:1)
  6 sewer rats
  3 cinder newts
  A worm (D:2)
  2 hound skeletons (D:3)
  An ooze (D:2)
  2 leopard geckos
  3 orcs (D:3)
  2 adder zombies (D:3)
  4 bats (D:1)
  4 goblins (D:1)
  5 hobgoblins (D:1)
  4 jackals (D:3)
  10 kobolds
  5 ball pythons
  A ball python skeleton (D:3)
  A bat skeleton (D:2)
  A jackal zombie (D:3)
  A quokka zombie (D:3)
  5 rats (D:1)
  4 withered plants (D:2)
80 creatures vanquished.

Vanquished Creatures (others)
  48 withered plants (D:2)
48 creatures vanquished.

Grand Total: 128 creatures vanquished

Notes
Turn   | Place    | Note
-------+----------+-------------------------------------------
     0 | D:1      | Chiseanne the Goblin Demonspawn began the quest for the
                  | Orb.
     0 | D:1      | Reached XP level 1. HP: 13/13 MP: 2/2
    18 | D:1      | Gained mutation: You have a pair of small horns on your
                  | head. [demonic ancestry]
    18 | D:1      | Reached XP level 2. HP: 19/19 MP: 3/3
   131 | D:1      | Gained mutation: You are partially covered in iridescent
                  | scales. (AC +2) [demonic ancestry]
   131 | D:1      | Reached XP level 3. HP: 24/24 MP: 4/4
   203 | D:1      | Found a shimmering altar of Xom.
   215 | D:1      | Reached XP level 4. HP: 30/30 MP: 5/5
   468 | D:1      | Reached skill level 5 in Dodging
   742 | D:1      | Gained mutation: When hurt, damage is shared between your
                  | health and your magic reserves. [demonic ancestry]
   742 | D:1      | Reached XP level 5. HP: 34/36 MP: 6/6
   837 | D:2      | Gained mutation: You have a pair of horns on your head.
                  | [demonic ancestry]
   837 | D:2      | Reached XP level 6. HP: 42/42 MP: 7/7
   933 | D:2      | Reached skill level 5 in Short Blades
  1060 | D:3      | Found a glowing golden altar of the Shining One.
  1062 | D:3      | Found a hide-covered altar of Uskayaw.
  1149 | D:3      | Noticed Edmund
  1194 | D:3      | Killed Edmund
  1194 | D:3      | Reached XP level 7. HP: 34/46 MP: 7/9
  1475 | D:3      | Reached skill level 1 in Armour
  1761 | D:3      | Noticed a guardian mummy
  1798 | D:3      | Noticed a guardian mummy
  1806 | D:3      | HP: 2/46 [poisoned by a guardian mummy]
  1807 | D:3      | Succumbed to a guardian mummy's poison

Levels and vault maps discovered:
D:1:      scummos_arrival_simple_fountains, layout_basic, hex_large,
          xom_teletrap_fun
D:2:      layout_sewer, st_hidden_mermaid, serial_shops, nicolae_shop_trees,
          first_ration
D:3:      layout_rooms, minitemple, serial_glass, glass_columns_c,
          glass_columns_b, ossuary_tomb_1, uniq_edmund

Skill      XL: |  1  2  3  4  5  6  7 |
---------------+----------------------+-----
Fighting       | 2 3 |  3.1
Short Blades   | 3 4 5 6 |  6.0
Dodging        | 5 6 |  6.2
Spellcasting   | 2 3 4 |  4.3
Armour         | 2 |  2.4
Stealth        | |  2.6
Fire Magic     | |  2.6
Invocations    | |  4.0

Action                   |  1- 3 |  4- 6 |  7- 9 || total
-------------------------+-------+-------+-------++-------
Melee: Rapier            |    24 |   101 |    62 ||   187
       Unarmed           |    15 |       |       ||    15
       Headbutt          |     1 |     2 |     5 ||     8
       Short sword       |       |    14 |       ||    14
       Sai               |       |    50 |    52 ||   102
       Dagger            |       |     1 |       ||     1
  Use: Scroll            |       |     3 |       ||     3
       Potion            |       |       |     1 ||     1
 Stab: Sleeping          |     1 |     3 |       ||     4
  Eat: Chunk             |       |     1 |     2 ||     3
Armor: Leather armour    |    10 |    16 |       ||    26
       Ring mail         |       |       |    25 ||    25
Dodge: Dodged            |    20 |    90 |    47 ||   157
Block: Sai               |       |     9 |    29 ||    38
       Reflection        |       |     1 |       ||     1
